 Dungeon Crawl Stone Soup version 0.28-a0-1415-g7c84da036a (webtiles) character file.

Game seed: 1898320864471464549

222 backslashecho the Stinger (level 5, 0/35 HPs)
             Began as an Octopode Venom Mage on Jan 8, 2022.
             Slain by a gnoll (6 damage)
             ... on level 4 of the Dungeon.
             The game lasted 00:08:04 (5242 turns).

backslashecho the Stinger (Octopode Venom Mage)     Turns: 5242, Time: 00:08:05

Health: 0/35       AC:  1    Str:  7    XL:     5   Next: 99%
Magic:  8/9        EV: 13    Int: 20    God:
Gold:   99         SH:  0    Dex: 12    Spells: 7/10 levels left

rFire   . . .      SeeInvis .   b - +2 trident (pain)
rCold   . . .      Faith    .   (no shield)
rNeg    . . .      Spirit   .   (helmet restricted)
rPois   .          Reflect  .   (no amulet)
rElec   .          Harm     .   (no ring)
rCorr   .          Rampage  .   (no ring)
Will    .....                   (no ring)
Stlth   +++.......              (no ring)
HPRegen 0.11/turn               (no ring)
MPRegen 0.11/turn               (no ring)
                                (no ring)
                                (no ring)

@: no status effects
A: almost no armour, amphibious, 8 rings, camouflage 1, gelatinous body 1,
(nimble swimmer 1), tentacles
a: no special abilities


You were on level 4 of the Dungeon.
You visited 1 branch of the dungeon, and saw 4 of its levels.

You collected 99 gold pieces.

Inventory:

Hand Weapons
 b - a +2 trident of pain (weapon)
Missiles
 e - 28 poisoned darts (quivered)
Magical Staves
 m - a staff of conjuration
Scrolls
 c - a scroll of enchant weapon {unknown}
 d - 3 scrolls of teleportation {unknown}
 g - a scroll of vulnerability {unknown}
 i - a scroll of noise {unknown}
 k - 3 scrolls of enchant armour {unknown}
 n - 2 scrolls of immolation {unknown}
Potions
 a - 2 potions of haste {unknown}
 f - a potion of lignification {unknown}
 h - a potion of curing {unknown}
 j - a potion of magic {unknown}
 l - a potion of brilliance {unknown}


   Skills:
 + Level 2.7 Fighting
 - Level 2.0 Dodging
 - Level 2.6 Stealth
 - Level 1.0 Unarmed Combat
 + Level 3.3 Spellcasting
 - Level 1.0 Transmutations
 + Level 1.6 Air Magic
 + Level 5.1 Poison Magic


You had 7 spell levels left.
You knew the following spells:

 Your Spells              Type           Power      Damage    Failure   Level
a - Sting                 Tmut/Pois      60%        1d6       4%          1
b - Poisonous Vapours     Pois/Air       32%        N/A       5%          2

Your spell library contained the following spells:

 Spells                   Type           Power      Damage    Failure   Level
 Mephitic Cloud           Conj/Pois/Air  12%        N/A       17%         3
 Olgreb's Toxic Radiance  Pois           23%        N/A       17%         4
 Inner Flame              Hex/Fire       3%         N/A       38%         3
 Cause Fear               Hex            1%         N/A       80%         4
 Discord                  Hex            1%         N/A       100%        8


Dungeon Overview and Level Annotations

Branches:
Dungeon (4/15)
 Temple: D:4-7

Altars:
Elyvilon
Okawaru

Shops:
D:2 (


Innate Abilities, Weirdness & Mutations

You cannot wear most types of armour.
You are amphibious.
You can wear up to eight rings at the same time.
Your skin changes colour to match your surroundings (Stealth+).
Your rubbery body absorbs attacks. (AC +1, EV +1)
((You are camouflaged when in or above water. (Stealth+)))
You have tentacles for arms and can constrict up to eight enemies at once.


Message History

You completely miss the goblin. Your grab misses the goblin.
You squeeze the goblin.
You kill the goblin!
The ball python misses you. The ball python barely misses you.
The ball python closely misses you. The ball python misses you.
The gnoll looks more healthy.
You see here a +0 club.
You closely miss the ball python. You grab the ball python.
You constrict the ball python.
You kill the gnoll!
The ball python barely misses you. The ball python grabs you.
The ball python constricts you.
The gnoll hits you from afar with a +0 spear!
The ball python bites you. The ball python constricts you.
You take 13 damage, and have 12/35 hp.
MASSIVE DAMAGE!!
You barely miss the ball python. You squeeze the ball python.
You kill the ball python!
The ball python's corpse dissolves into shadows!
The gnoll closely misses you.
Casting: Sting (safe; 4% risk of failure)
Confirm with . or Enter, or press ? or * to list all spells.
Aiming: Sting (safe; 4% risk of failure)
Press: ? - help, Shift-Dir - straight line, f - gnoll
Aim: a gnoll, wielding a +0 spear (almost dead, 77% to hit)
The sting hits the gnoll.
The gnoll is poisoned.
You kill the gnoll!
You now have 7/9 mp.
There is an open door here.
You close the door.
A gnoll opens the door.
The ogre shouts!
The ogre barely misses you.
A hobgoblin comes into view.
The gnoll hits you from afar with a +0 halberd!
* * * LOW HITPOINT WARNING * * *
An ufetubus comes into view.
The hobgoblin moves out of view.
You take 8 damage, and have 6/35 hp.
MASSIVE DAMAGE!!
The gnoll hits you from afar with a +0 halberd.
You die...

#..# ##.....## #.........#
##..# ##.......###..#..##..#
##...####.........##.....##..#
#.......'.........5)..........
##...####.........##.........#
####.#.#
##.g.....####.#.#.#.##
#......# ##g.O..## #.......#
#.###.## ##...## #####(###
##.##### ##@## #.# ...†^##
#.####### #.# .....^##
###.......# #.# .......##
#....##.#.# #.# ........#
#.........# #.# ^..^....#
#.....#.#.#####.# ....>..##
##...##.........# ^^^...^#
################ ......##


You could see an ogre, 2 gnolls and an ufetubus (wandering).

Vanquished Creatures
  A howler monkey (D:4)
  Crazy Yiuf (D:3)
  An orc wizard (D:4)
  2 adders (D:2)
  2 gnolls (D:4)
  4 worms (D:4)
  A dart slug (D:3)
  8 orcs
  4 endoplasms
  4 giant cockroaches
  7 goblins
  5 hobgoblins
  9 jackals
  6 kobolds
  3 quokkas
  5 ball pythons
  A bat (D:2)
  10 rats
74 creatures vanquished.

Notes
Turn   | Place    | Note
-------+----------+-------------------------------------------
     0 | D:1      | backslashecho the Octopode Venom Mage began the quest for
                  | the Orb.
     0 | D:1      | Reached XP level 1. HP: 11/11 MP: 3/3
   364 | D:1      | Reached XP level 2. HP: 7/18 MP: 3/5
  1094 | D:1      | Reached skill level 1 in Fighting
  1094 | D:1      | Reached skill level 4 in Poison Magic
  1101 | D:1      | Reached skill level 1 in Unarmed Combat
  1148 | D:1      | Reached XP level 3. HP: 14/23 MP: 6/6
  1823 | D:2      | Found Laph's Weapon Shoppe.
  2095 | D:2      | Found a white marble altar of Elyvilon.
  2302 | D:2      | Found a faded altar of an unknown god.
  3114 | D:3      | Reached XP level 4. HP: 28/28 MP: 7/7
  3744 | D:3      | Found a runed translucent door.
  3745 | D:3      | Noticed Crazy Yiuf
  3932 | D:3      | Found an iron altar of Okawaru.
  4171 | D:3      | Learned a level 2 spell: Poisonous Vapours
  4183 | D:3      | Killed Crazy Yiuf
  4364 | D:4      | Noticed an ogre
  4456 | D:4      | Reached XP level 5. HP: 3/34 MP: 6/9
  4745 | D:4      | Reached skill level 1 in Air Magic
  5012 | D:4      | Reached skill level 5 in Poison Magic
  5242 | D:4      | Slain by a gnoll

Illustrated notes

Levels and vault maps discovered:
D:1:      wander_arrival_chamber, layout_basic
D:2:      layout_basic, serial_shops, nicolae_shop_waterfront,
          dreamdust_ecumenical_altar_angels_and_demons, basic_altar
D:3:      layout_basic, mainiacjoe_overflow_alcove_4, uniq_crazy_yiuf_cottage
D:4:      layout_loops_corners, lemuel_coloured_pillars_altar,
          kennysheep_orc_sif_temple, grunt_ministairs_5, nicolae_wormholes

Skill      XL: |  1  2  3  4  5 |
---------------+----------------+-----
Fighting       | 1 2 |  2.7
Poison Magic   | 4 5 |  5.1
Unarmed Combat | 1 |  1.0
Spellcasting   | 3 |  3.3
Air Magic      | 1 |  1.6
Dodging        | |  2.0
Stealth        | |  2.6
Transmutations | |  1.0

Action                   |  1- 3 |  4- 6 || total
-------------------------+-------+-------++-------
Melee: Unarmed           |    15 |       ||    15
       Constrict         |    21 |    22 ||    43
       Tentacles         |    19 |    17 ||    36
       Dagger            |    69 |    47 ||   116
       Punch             |     2 |       ||     2
       Trident           |       |    20 ||    20
Throw: Dart              |       |    16 ||    16
 Cast: Sting             |    12 |    34 ||    46
 Stab: Sleeping          |     7 |     2 ||     9
Armor: Skin              |    10 |     2 ||    12
Dodge: Dodged            |    40 |    44 ||    84

Table legend: (Time is in decaauts)
 A = Elapsed time spent in this place.
 B = Non-inter-level travel time spent in this place.
 C = Inter-level travel time spent in this place.
 D = Time resting spent in this place.
 E = Time spent auto-exploring this place.
 F = Levels seen in this place.
 G = Mean time per level.
                   A        B        C        D        E       F      G
               +--------+--------+--------+--------+--------+-----+--------+
         Total |   5251 |   5006 |    245 |   1366 |   2951 |   4 | 1312.8 |
       Dungeon |   5251 |   5006 |    245 |   1366 |   2951 |   4 | 1312.8 |
               +--------+--------+--------+--------+--------+-----+--------+

Top non-repeatable levels by time:
     D:1: 1819 daAuts
     D:3: 1516 daAuts
     D:2: 1278 daAuts
     D:4: 636 daAuts
